 Dungeon Crawl Stone Soup version 0.26-a0-466-g989023bd0d (webtiles) character file.

Game seed: 3246212966388191520

31 Sassenached the Cudgeler (level 3, 0/26 HPs)
             Began as a Human Wanderer on Aug 8, 2020.
             Slain by an adder (1 damage)
             ... on level 2 of the Dungeon.
             The game lasted 00:02:14 (1249 turns).

Sassenached the Cudgeler (Human Wanderer)           Turns: 1249, Time: 00:02:14

Health: 0/26       AC:  6    Str: 10 (13) XL:     3   Next: 40%
Magic:  4/4        EV: 11    Int: 10 (11) God:
Gold:   19         SH:  7    Dex: 11 (13) Spells: 4/4 levels left

rFire    . . .     SeeInvis .   f - +0 mace
rCold    . . .     Faith    .   b - +0 kite shield
rNeg     . . .     Spirit   .   k - +0 ring mail
rPois    .         Reflect  .   j - +0 helmet
rElec    .         Harm     .   (no cloak)
rCorr    .         Rnd*Rage +   (no gloves)
MR       .....                  (no boots)
Stlth    +.........             (no amulet)
HPRegen  0.08/turn              a - +4 ring of evasion
MPRegen  0.09/turn              (no ring)

@: lethally poisoned (0 -> -5), flying, hasted, very quick
A: iridescent scales 1, berserk 1, deformed body
a: no special abilities


You were on level 2 of the Dungeon.
You visited 1 branch of the dungeon, and saw 2 of its levels.

You collected 19 gold pieces.

Inventory:

Hand Weapons
 f - a +0 mace (weapon)
Armour
 b - a +0 kite shield (worn)
 j - a +0 helmet (worn)
 k - a +0 ring mail (worn)
Jewellery
 a - a +4 ring of evasion (left hand)
 d - an uncursed ring of ice {unknown}
Scrolls
 i - 3 scrolls of teleportation
 n - a scroll of fear


   Skills:
 * Level 1.6 Fighting
 * Level 2.4 Maces & Flails
   Level 2.0 Crossbows
 - Level 1.0 Throwing
 - Level 2.0 Armour
 - Level 1.0 Shields
 - Level 1.0 Spellcasting
   Level 1.0 Necromancy
   Level 1.0 Air Magic


You had 4 spell levels left.
You didn't know any spells.
Your spell library contained the following spells:

 Spells                   Type           Power        Failure   Level
 Freeze                   Ice            #...         99%         1
 Frozen Ramparts          Ice            #.....       100%        3


Dungeon Overview and Level Annotations

Branches:
Dungeon (2/15)

Altars:


Innate Abilities, Weirdness & Mutations

You are partially covered in iridescent scales. (AC +2)
You tend to lose your temper in combat.
Armour fits poorly on your strangely shaped body.


Message History

You fly up into the air.
* * * LOW HITPOINT WARNING * * *
You feel sick. The adder bites you but does no damage.
It was a potion of haste.
You feel yourself speed up.
* * * LOW HITPOINT WARNING * * *
You feel sick. The adder bites you.
* * * LOW HITPOINT WARNING * * *
It was a potion of degeneration.
There was something very wrong with that liquid.
You feel weakened.
You feel dopey.
You feel clumsy. The adder bites you but does no damage.
It was a potion of mutation.
You feel extremely strange.
Your body twists and deforms.
You feel a little pissed off.
Iridescent scales grow over part of your body.
You block the adder's attack.
Your shield prevents you from hitting the adder.
The adder is moderately wounded.
* * * LOW HITPOINT WARNING * * *
You feel sick. The adder bites you.
You die...

####### #######
#...... ......#
#......#.>....+
.......#......#
.............<#.
.............?..
.......S........
.......@........
................
.........###...
#........### .
#..........#
#..........##+#.
#...............
#......#........
####............


You could see an adder.

Vanquished Creatures
  An ooze (D:2)
  2 dart slugs
  2 leopard geckos
  A giant cockroach (D:1)
  3 goblins
  4 hobgoblins
  3 bats
  2 kobolds
  3 rats
21 creatures vanquished.

Notes
Turn   | Place    | Note
-------+----------+-------------------------------------------
     0 | D:1      | Sassenached the Human Wanderer began the quest for the Orb.
     0 | D:1      | Sassenached set off with the following items: a +0 hand
                  | axe, a +0 kite shield, a +0 robe; and the following spell
                  | memorised: Freeze; and the following spells available to
                  | memorise: Frozen Ramparts
     0 | D:1      | Reached XP level 1. HP: 15/15 MP: 2/2
   366 | D:1      | Reached skill level 1 in Maces & Flails
   366 | D:1      | Reached XP level 2. HP: 19/21 MP: 3/3
  1063 | D:2      | Reached XP level 3. HP: 26/26 MP: 4/4
  1248 | D:2      | Gained mutation: Armour fits poorly on your strangely
                  | shaped body. [potion of mutation]
  1248 | D:2      | Gained mutation: You tend to lose your temper in combat.
                  | [potion of mutation]
  1248 | D:2      | Gained mutation: You are partially covered in iridescent
                  | scales. (AC +2) [potion of mutation]
  1249 | D:2      | HP: 1/26 [poisoned by an adder]
  1249 | D:2      | Slain by an adder

Illustrated notes

Levels and vault maps discovered:
D:1:      heliophobic_arrival_battle_scene, layout_basic, patterned_corridor
D:2:      layout_basic, lemuel_round_altar, xom_teletrap_fun, uniq_natasha

Skill      XL: |  1  2 |
---------------+-------+-----
Maces & Flails | 1 2 |  2.4
Fighting       | |  1.6
Crossbows      | |  2.0
Throwing       | |  1.0
Armour         | |  2.0
Shields        | |  1.0
Spellcasting   | |  1.0
Necromancy     | |  1.0
Air Magic      | |  1.0

Action                   || total
-------------------------++-------
Melee: Mace              ||    71
       Hand axe          ||     1
  Use: Scroll            ||     4
       Potion            ||     5
Armor: Robe              ||     6
       Ring mail         ||    23
Dodge: Dodged            ||    41
Block: Kite shield       ||    27

Table legend: (Time is in decaauts)
 A = Elapsed time spent in this place.
 B = Non-inter-level travel time spent in this place.
 C = Inter-level travel time spent in this place.
 D = Time resting spent in this place.
 E = Time spent auto-exploring this place.
 F = Levels seen in this place.
 G = Mean time per level.
                   A        B        C        D        E       F      G
               +--------+--------+--------+--------+--------+-----+--------+
         Total |   1276 |   1195 |     81 |    497 |    413 |   2 |  638.0 |
       Dungeon |   1276 |   1195 |     81 |    497 |    413 |   2 |  638.0 |
               +--------+--------+--------+--------+--------+-----+--------+

Top non-repeatable levels by time:
     D:1: 897 daAuts
     D:2: 378 daAuts
